 Dungeon Crawl Stone Soup version 0.27.1-2-g3b301248ec (webtiles) character file.

Game seed: 3202694792465157939

252 nxtlvl the Slasher (level 5, -1/28 HPs)
             Began as a Deep Elf Artificer on Sept 27, 2021.
             Was a Follower of Vehumet.
             Slain by a white imp (3 damage)
             ... on level 5 of the Dungeon.
             The game lasted 00:13:27 (1036 turns).

nxtlvl the Slasher (Deep Elf Artificer)             Turns: 1036, Time: 00:13:28

Health: -1/28      AC:  5    Str:  9    XL:     5   Next: 89%
Magic:  7/7        EV: 10    Int: 17    God:    Vehumet [*.....]
Gold:   82         SH:  0    Dex: 15    Spells: 3/4 levels left

rFire    . . .     SeeInvis .   a - +3 long sword (vorpal)
rCold    . . .     Faith    .   (no shield)
rNeg     . . .     Spirit   .   c - +0 ring mail
rPois    .         Reflect  .   (no helmet)
rElec    .         Harm     .   (no cloak)
rCorr    .         Rampage  .   (no gloves)
Will     .....                  (no boots)
Stlth    +.........             (no amulet)
HPRegen  0.09/turn              (no ring)
MPRegen  0.10/turn              (no ring)

@: no status effects
A: no striking features
a: Renounce Religion


You were on level 5 of the Dungeon.
You worshipped Vehumet.
Vehumet was aware of your devotion.
You visited 1 branch of the dungeon, and saw 5 of its levels.
You also visited: Sewer.

You collected 82 gold pieces.

Inventory:

Hand Weapons
 a - a +3 vorpal long sword (weapon)
 b - a +0 dagger of venom
Missiles
 g - 46 arrows
Armour
 c - a +0 ring mail (worn)
Wands
 d - a wand of charming (10)
 k - a wand of iceblast (8)
 m - a wand of flame (1) (quivered)
Scrolls
 h - a scroll of magic mapping {unknown}
 j - a scroll of teleportation {unknown}
 n - a scroll of identify {unknown}
 p - a scroll of fog {unknown}
Potions
 f - a potion of haste {unknown}
 i - 5 potions of flight
 l - a potion of lignification {unknown}
 o - a potion of cancellation {unknown}
Miscellaneous
 e - a piece from Xom's chessboard (13/15)


   Skills:
 - Level 0.7 Fighting
 + Level 4.7 Long Blades
 - Level 0.7 Armour
 - Level 2.4 Dodging
 - Level 1.2 Stealth
 + Level 0.0 Spellcasting
 * Level 1.1 Conjurations
 - Level 4.0 Evocations


You had 3 spell levels left.
You knew the following spells:

 Your Spells              Type           Power      Damage    Failure   Level
z - Magic Dart            Conj           12%        1d3       38%         1

Your spell library contained the following spells:

 Spells                   Type           Power      Damage    Failure   Level


Dungeon Overview and Level Annotations

Branches:
Dungeon (5/15)              Sewer (visited)
 Temple: D:4-7

Altars:
Okawaru
Vehumet


Message History

You riposte.
You hit the bullfrog skeleton.
The bullfrog skeleton is severely damaged.
You hit the bullfrog skeleton.
The bullfrog skeleton is almost destroyed.
The bullfrog skeleton hits you.
* * * LOW HITPOINT WARNING * * *
The bullfrog skeleton hits you.
* * * LOW HITPOINT WARNING * * *
The bullfrog skeleton hits you but does no damage.
You slash the bullfrog skeleton!
You destroy the bullfrog skeleton!
Vehumet accepts your kill.
Your piece from Xom's chessboard (13/15) has regained one charge.
Your Conjurations skill increases to level 1!
Casting: Magic Dart (safe; 38% risk of failure)
Confirm with . or Enter, or press ? or * to list all spells.
Okay, then.
Found a short sword.
Found 25 stones.
Found a stone staircase leading down.
You see here 25 stones.
There is a stone staircase leading down here.
Found a club.
A white imp comes into view.
The white imp shouts!
You hear a howl!
You slash the white imp!
The white imp is severely wounded.
The white imp gestures at you. The puff of frost hits you.
* * * LOW HITPOINT WARNING * * *
You closely miss the white imp.
The white imp is severely wounded.
The white imp gestures at you. The puff of frost hits you!
* * * LOW HITPOINT WARNING * * *
You hit the white imp.
The white imp is almost dead.
The white imp shouts, "Go and return not, thou clouted weather-bitten snaffler!"
The white imp hits you.
You die...

.. . #...... .# .# ##... ..#####
.# .# .... #. # .##.# #.#.
..##..# # ....###.# #..
.)...##### .#....... ##..
......... .....# # ..# # .#
#..##### .#.#l# #. #5#.#...#
#..## #
...#.##.##.#####@......###...####
.<........)......................
........####.###....#.####...####
####.#### #.# #...........#.# #
.# ##.#####.........#.# #
.######...#######.###..#.# #
........#.........# #..#.# #
####.######...###### # #..#.# #
..<..#######.##### #..#.# #


You could see a white imp.

Vanquished Creatures
  A black bear (D:5)
  An orc priest (D:5)
  A centaur skeleton (D:5)
  A bullfrog skeleton (D:5)
  2 orc wizards
  An adder (D:3)
  A shadow imp (D:5)
  An orc (D:5)
  6 endoplasms
  4 giant cockroaches
  A goblin (D:3)
  2 hobgoblins
  A quokka (Sewer)
  5 ball pythons
  8 bats
  3 frilled lizards (Sewer)
39 creatures vanquished.

Vanquished Creatures (collateral kills)
  3 adder skeletons (D:4)
  An orc (D:5)
  A ball python (D:5)
  2 hobgoblins (D:4)
  A rat (D:5)
8 creatures vanquished.

Grand Total: 47 creatures vanquished

Notes
Turn   | Place    | Note
-------+----------+-------------------------------------------
     0 | D:1      | nxtlvl the Deep Elf Artificer began the quest for the Orb.
     0 | D:1      | Reached XP level 1. HP: 11/11 MP: 3/3
    83 | D:3      | Reached XP level 2. HP: 9/16 MP: 4/4
   158 | D:3      | Found an iron altar of Okawaru.
   197 | D:3      | Noticed a scorpion
   353 | D:4      | Found a radiant altar of Vehumet.
   361 | D:4      | Reached skill level 1 in Long Blades
   385 | D:4      | Reached XP level 3. HP: 14/20 MP: 5/5
   402 | D:4      | Became a worshipper of Vehumet
   456 | D:5      | Entered Level 5 of the Dungeon
   459 | D:5      | Noticed a wyvern
   580 | D:5      | Found a glowing drain.
   586 | D:5      | Reached XP level 4. HP: 22/24 MP: 6/6
   613 | Sewer    | Entered a sewer
   759 | Sewer    | Reached * piety under Vehumet
   759 | Sewer    | Offered knowledge of Magic Dart by Vehumet.
   762 | Sewer    | Learned a level 1 spell: Magic Dart
   944 | D:5      | Noticed a black bear
   951 | D:5      | Killed a black bear
   952 | D:5      | Reached XP level 5. HP: 22/28 MP: 7/7
   981 | D:5      | Reached skill level 1 in Conjurations
  1035 | D:5      | HP: 1/28 [white imp/puff of frost (7)]
  1036 | D:5      | Slain by a white imp

Illustrated notes

Levels and vault maps discovered:
D:1:      dpeg_arrival_long_road, layout_loops_ring, glass_columns_b
D:2:      layout_loops_cross
D:3:      layout_loops_corners, okawaru_gym_becter, minmay_misc_feat_doors,
          uniq_crazy_yiuf_cottage
D:4:      layout_basic, zin_purify, minmay_ruined_shrine, uniq_eustachio
D:5:      layout_loops_ring, cheibrodos_sewer_entry_drain, uniq_duvessa

Skill      XL: |  1  2  3  4  5 |
---------------+----------------+-----
Evocations     | 4 |  4.0
Long Blades    | 1 3 4 |  4.7
Conjurations   | 1 |  1.1
Fighting       | |  0.7
Armour         | |  0.7
Dodging        | |  2.4
Stealth        | |  1.2

Action                   |  1- 3 |  4- 6 || total
-------------------------+-------+-------++-------
Melee: Club              |     9 |       ||     9
       Long sword        |    25 |    32 ||    57
Evoke: Wand              |    12 |     9 ||    21
       Piece from Xom's  |     7 |     4 ||    11
  Use: Potion            |       |     1 ||     1
 Stab: Petrified         |     3 |       ||     3
       Paralysed         |     1 |       ||     1
Armor: Leather armour    |     8 |       ||     8
       Ring mail         |     4 |    25 ||    29
Dodge: Dodged            |    24 |    29 ||    53
       Rpst.: Long sword |     2 |     8 ||    10
